 Dungeon Crawl Stone Soup version 0.31-a0-675-g238779eb0a (webtiles) character file.

Game seed: 987118064234792450

46 Ekaitz the Gusty (level 3, 0/20 HPs)
             Began as a Tengu Air Elementalist on Sept 6, 2023.
             Slain by Sigmund
             ... wielding a +0 scythe
              (5 damage)
             ... on level 2 of the Dungeon.
             The game lasted 00:02:32 (1282 turns).

Ekaitz the Gusty (Tengu Air Elementalist)           Turns: 1282, Time: 00:02:33

Health: 0/20       AC:  2    Str:  8    XL:     3   Next: 68%
Magic:  1/7        EV: 12    Int: 17    God:
Gold:   73         SH:  0    Dex: 14    Spells: 0/6 levels left

rFire   . . .        m - +1 short sword (protect)
rCold   . . .        (no shield)
rNeg    . . .        a - +0 robe
rPois   .            (helmet restricted)
rElec   .            (no cloak)
rCorr   .            (no gloves)
SInv    .            (boots unavailable)
Will    .....        (no amulet)
Stlth   ++           (no ring)
HPRegen 0.23/turn    (no ring)
MPRegen 0.10/turn

%: acrobat
@: no status effects
A: beak, talons 3, acrobatic
a: no special abilities


You were on level 2 of the Dungeon.
You visited 1 branch of the dungeon, and saw 2 of its levels.

You collected 73 gold pieces.

Inventory:

Hand Weapons
 i - a +0 dagger
 m - a +1 short sword of protection (weapon)
Missiles
 l - 3 poisoned darts
Armour
 a - a +0 robe (worn)
Talismans
 g - a serpent talisman
Scrolls
 e - a scroll of amnesia {unknown}
 f - a scroll of enchant weapon {unknown}
 j - a scroll of summoning {unknown}
 k - a scroll of immolation {unknown}
 n - a scroll of identify {unknown}
 o - a scroll of fog {unknown}
Potions
 b - 2 potions of magic
 c - a potion of degeneration {unknown}
 d - a potion of enlightenment {unknown}
 h - a potion of might {unknown}


   Skills:
 * Level 1.0 Fighting
 * Level 2.4 Dodging
 + Level 2.2 Stealth
 + Level 2.2 Spellcasting
 * Level 2.0 Conjurations
 * Level 4.9 Air Magic


You couldn't memorise any spells.
You knew the following spells:

 Your Spells              Type           Power      Damage    Failure   Level
a - Shock                 Conj/Air       52%        1d6       4%          1
b - Static Discharge      Conj/Air       26%        2-4/arc   7%          2
c - Swiftness             Air            18%        N/A       8%          3

Your spell library contained the following spells:

 Spells                   Type           Power      Damage    Failure   Level
 Airstrike                Air            9%         2d(2-18)  24%         4


Dungeon Overview and Level Annotations

Branches:
Dungeon (2/15)

Altars:

Annotations:
D:2 Sigmund


Innate Abilities, Weirdness & Mutations

You have a beak for a mouth.
You have claws for feet.
You can magically evade attacks while moving or waiting.


Message History

The adder is struck by an arc of lightning.
You kill the adder!
You are struck by an arc of lightning.
The lightning grounds out.
Your Fighting skill increases to level 1!
Your Conjurations skill increases to level 2!
Okay, then.
HP restored.
o - a scroll labelled IREVIM LECWA Sigmund the Dreaded comes into view.
He is wielding a +0 scythe and wearing a +2 robe of willpower.
The helpless Sigmund fails to defend himself.
You hit Sigmund.
Your weapon exudes an aura of protection.
You claw Sigmund, but do no damage.
Sigmund is lightly wounded.
Sigmund closely misses you.
Casting: Static Discharge (safe; 7% risk of failure)
Confirm with . or Enter, or press ? or * to list all spells.
Sigmund is struck by an arc of lightning.
Sigmund is lightly wounded.
You are struck by an arc of lightning.
The lightning grounds out.
Unknown command.
Casting: Static Discharge (safe; 7% risk of failure)
Confirm with . or Enter, or press ? or * to list all spells.
Sigmund is struck by an arc of lightning.
Sigmund is moderately wounded.
You are struck by an arc of lightning.
The lightning grounds out.
Sigmund hits you with a +0 scythe!
Unknown command.
Casting: Static Discharge (safe; 7% risk of failure)
Confirm with . or Enter, or press ? or * to list all spells.
Sigmund is struck by an arc of lightning.
Sigmund is moderately wounded.
You are struck by an arc of lightning.
Sigmund is struck by an arc of lightning.
Sigmund is heavily wounded.
You are struck by an arc of lightning.
* * * LOW HITPOINT WARNING * * *
The lightning grounds out.
Sigmund hits you with a +0 scythe.
You die...
Sigmund begins carving another notch in his scythe.

### #.# #... #.# ~
#... #.# ~~#
#...##.## ##....~
#.......# #......
#.......+ #...#.#
#....@..+ ##...# #
#...@.# ....###
#.....# ##......
#.....###### #....###
#..........# #..# #
#..........#####..###
#....................
################.####
#.#### #.....


You could see Sigmund.

Vanquished Creatures
  3 adders (D:2)
  5 ball pythons
  2 giant cockroaches (D:1)
  2 goblins (D:1)
  A kobold (D:2)
  A quokka (D:1)
  A bat (D:2)
  2 frilled lizards
  3 rats
20 creatures vanquished.

Notes
Turn   | Place    | Note
-------+----------+-------------------------------------------
     0 | D:1      | Ekaitz the Tengu Air Elementalist began the quest for the
                  | Orb.
     0 | D:1      | Reached XP level 1. HP: 10/10 MP: 4/4
   355 | D:1      | Reached XP level 2. HP: 16/16 MP: 0/6
   358 | D:1      | Learned a level 2 spell: Static Discharge
  1097 | D:2      | Reached XP level 3. HP: 20/20 MP: 7/7
  1101 | D:2      | Learned a level 3 spell: Swiftness
  1245 | D:2      | Reached skill level 1 in Fighting
  1275 | D:2      | Noticed Sigmund
  1282 | D:2      | Slain by Sigmund

Illustrated notes

Levels and vault maps discovered:
D:1:      dpeg_arrival_rooms_c, layout_basic, serial_bayou_pond_c,
          minmay_misc_feat_hallway, minmay_misc_feat_columns, st_stairs_6
D:2:      minmay_diamond_boxcup, layout_basic,
          dreamdust_ecumenical_altar_drowned_temple, minmay_door_square,
          kennysheep_generic_room_12, uniq_terence, uniq_sigmund, uniq_jessica

Skill      XL: |  1  2  3 |
---------------+----------+-----
Fighting       | 1 |  1.0
Conjurations   | 2 |  2.0
Dodging        | |  2.4
Stealth        | |  2.2
Spellcasting   | |  2.2
Air Magic      | |  4.9

Action                     || total
---------------------------++-------
  Melee: Short sword       ||     8
         Dagger            ||     3
         Peck              ||     1
         Kick              ||     2
   Cast: Shock             ||    33
         Static Discharge  ||     4
   Stab: Sleeping          ||     4
 Armour: Robe              ||     7
  Dodge: Dodged            ||    20

Table legend: (Time is in decaauts)
 A = Elapsed time spent in this place.
 B = Non-inter-level travel time spent in this place.
 C = Inter-level travel time spent in this place.
 D = Time resting spent in this place.
 E = Time spent auto-exploring this place.
 F = Levels seen in this place.
 G = Mean time per level.
                   A        B        C        D        E       F      G
               +--------+--------+--------+--------+--------+-----+--------+
         Total |   1284 |   1216 |     68 |    100 |    916 |   2 |  642.0 |
       Dungeon |   1284 |   1216 |     68 |    100 |    916 |   2 |  642.0 |
               +--------+--------+--------+--------+--------+-----+--------+

Top non-repeatable levels by time:
     D:1: 1045 daAuts
     D:2: 238 daAuts
